 Dungeon Crawl Stone Soup version 0.20.1-1-g8b1a95d (webtiles) character file.

3138 kae the Frost Mage (level 9, -11/54 HPs)
             Began as a Demonspawn Ice Elementalist on Oct 22, 2017.
             Was a Believer of Vehumet.
             Mangled by a two-headed ogre
             ... wielding a +0 giant club
              (14 damage)
             ... on level 9 of the Dungeon.
             The game lasted 00:14:28 (8147 turns).

kae the Frost Mage (Demonspawn Ice Elementalist)    Turns: 8147, Time: 00:14:29

Health: -11/54     AC: 13    Str:  9    XL:     9   Next: 61%
Magic:  9/20       EV: 12    Int: 19    God:    Vehumet [**....]
Gold:   387        SH:  0    Dex: 14    Spells: 8/23 levels left

rFire    . . .     SeeInvis .   (no weapon)
rCold    . . .     Gourm    .   (no shield)
rNeg     . . .     Faith    .   i - +1 robe "Pytuz" {Regen+}
rPois    .         Spirit   .   f - +0 helmet
rElec    .         Reflect  .   (no cloak)
rCorr    .         Harm     .   (no gloves)
MR       +....                  (no boots)
Stlth    ++++......             g - amulet of regeneration
Regen    1.0/turn               (no ring)
MPRegen  0.2/turn               (no ring)

@: icy armour, slow
A: claws 1, rugged brown scales 2, frail 1, magic resistance 1, nightstalker 2,
spiny 3
a: Renounce Religion


You were on level 9 of the Dungeon.
You worshipped Vehumet.
Vehumet was pleased with you.
You were not hungry.

You visited 2 branches of the dungeon, and saw 10 of its levels.
You also visited: Ossuary.

You collected 387 gold pieces.

Inventory:

Hand Weapons
 v - a +3 quarterstaff of protection
Armour
 a - a +1 robe
 f - a +0 helmet (worn)
 i - the +1 robe "Pytuz" (worn) {Regen+}
   (You found it on level 4 of the Dungeon)

   It increases your rate of regeneration.
Jewellery
 g - an amulet of regeneration (around neck)
 w - the ring of Phasing {EV+8}
   (You found it on level 6 of the Dungeon)

   [ring of evasion]

   It affects your evasion (+8).
 z - an uncursed ring of resist corrosion {unknown}
 C - an uncursed amulet of guardian spirit
Wands
 x - a wand of flame (24/48)
 D - a wand of acid (7/15)
Scrolls
 e - 5 scrolls of remove curse
 n - 2 scrolls of amnesia
 o - 2 scrolls of enchant armour
 q - a scroll of recharging
 y - 2 scrolls of teleportation
Potions
 d - a potion of magic {unknown}
 j - 7 potions of flight
 k - 3 potions of curing
 m - a potion of heal wounds {unknown}
 p - 2 potions of berserk rage
 r - a potion of might {unknown}
 s - 3 potions of agility
 t - 3 potions of brilliance {unknown}
 u - a potion of haste {unknown}
 A - a potion of lignification
Books
 b - a book of Frost

   Spells                             Type                      Level
   a - Freeze                         Ice                          1
   b - Throw Frost                    Conjuration/Ice              2
   c - Ozocubu's Armour               Charms/Ice                   3
   d - Throw Icicle                   Conjuration/Ice              4
   e - Summon Ice Beast               Ice/Summoning                4
 l - the Collected Works on the Assistive Mountains
   (You found it on level 8 of the Dungeon)

   Spells                             Type                      Level
   a - Infusion                       Charms                       1
   b - Song of Slaying                Charms                       2
   c - Leda's Liquefaction            Hexes/Earth                  4
   d - Petrify                        Transmutation/Earth          4
   e - Shatter                        Earth                        9
Comestibles
 c - 5 bread rations
 h - 4 meat rations
 B - 4 fruits
 E - 2 chunks of flesh


   Skills:
 - Level 1.7 Dodging
 - Level 1.7 Stealth
 + Level 7.5 Spellcasting
 - Level 1.0 Conjurations
 * Level 10.4 Ice Magic


You had 8 spell levels left.
You knew the following spells:

 Your Spells              Type           Power        Failure   Level  Hunger
a - Freeze                Ice            ####         1%          1    None
b - Throw Frost           Conj/Ice       ####..       1%          2    None
c - Ozocubu's Armour      Chrm/Ice       ####....     3%          3    #......
d - Throw Icicle          Conj/Ice       ####....     9%          4    ###....
e - Summon Ice Beast      Ice/Summ       ####....     11%         4    ###....
f - Sting                 Conj/Pois      #...         8%          1    None


Dungeon Overview and Level Annotations

Branches:
Dungeon (9/15)             Temple (1/1) D:5
   Lair: D:8-11         Orc: D:9-12

Altars:
Ashenzari
Cheibriados
Dithmenos
Gozag
Hepliaklqana
Kikubaaqudgha
Makhleb
Nemelex Xobeh
Okawaru
Qazlal
Sif Muna
Trog
Uskayaw
Vehumet
Xom
Yredelemnul
Zin
The Shining One

Shops:
D:4 (   D:5 [

Annotations:
D:3 markt42's ghost, amateur GrFi


Innate Abilities, Weirdness & Mutations

You are mostly covered in rugged brown scales. (AC +2, +5% HP)
You are significantly more attuned to the shadows.
You are completely covered in sharp spines.
You have sharp fingernails.
You are frail. (-10% HP)
You are resistant to hostile enchantments. (MR+)


Message History

The two-headed ogre is moderately wounded.
The two-headed ogre is struck by your spines.
The two-headed ogre hits you with a giant club!!
The two-headed ogre misses you.
Casting: Freeze
Confirm with . or Enter, or press ? or * to list all spells.
Your icy armour thickens.
The two-headed ogre is struck by your spines.
The two-headed ogre hits you with a giant club!
The two-headed ogre misses you.
Casting: Ozocubu's Armour
Confirm with . or Enter, or press ? or * to list all spells.
Your icy armour thickens.
The two-headed ogre is struck by your spines.
The two-headed ogre hits you with a giant club!
* * * LOW HITPOINT WARNING * * *
The two-headed ogre hits you with a giant club!
* * * LOW HITPOINT WARNING * * *
The two-headed ogre hits you with a giant club!
You die...

#### ..# # #.# .# #
#.##.### ..######
#......#
.......##########[.....##
("......O@.##...........#
.##..#..##..#.###.......#
#..###..##.÷.# #.......#
#.. #..###.†# #.##.##.#
#. ##.# #..# #...[##.# ##
## #....#..####.#
#..#.#..§# #.# ...#.##§§#
#.# ...# ##§§# #.#


You could see a two-headed ogre.

Vanquished Creatures
  Grinder (D:5)
  2 hippogriffs
  A yak (D:9)
  2 orc warriors
  3 black bears
  2 ice beasts (D:8)
  2 ogres
  A sky beast (D:5)
  A necrophage (D:8)
  2 centaurs
  2 water moccasin zombies (Ossuary)
  4 scorpions
  3 howler monkeys
  A bullfrog zombie (D:5)
  4 hounds
  3 jellies
  2 orc priests
  3 orc wizards
  An iguana (D:5)
  Terence (D:2)
  3 worker ants
  Natasha (D:3)
  2 big kobold zombies (Ossuary)
  A hound zombie (D:8)
  2 mummies (Ossuary)
  11 adders
  A shadow imp (D:7)
  2 oozes (D:1)
  7 adder zombies (Ossuary)
  An adder skeleton (D:4)
  3 worms
  A dart slug (D:2)
  5 leopard geckos
  10 orcs
  6 giant cockroaches
  6 goblins
  9 hobgoblins
  25 jackals
  7 kobolds
  3 quokkas
  A ball python (D:6)
  8 bats
  5 frilled lizards
  2 gnoll zombies (Ossuary)
  3 hobgoblin zombies (Ossuary)
  4 kobold zombies (Ossuary)
  2 leopard gecko skeletons (D:5)
  7 orc zombies (Ossuary)
  2 quokka skeletons
  9 rats
190 creatures vanquished.

Notes
Turn   | Place    | Note
-------+----------+-------------------------------------------
     0 | D:1      | kae the Demonspawn Ice Elementalist began the quest for the Orb.
     0 | D:1      | Reached XP level 1. HP: 13/13 MP: 3/3
   145 | D:1      | Gained mutation: You are partially covered in rugged brown scales. (AC +1, +3% HP) [demonic ancestry]
   145 | D:1      | Reached XP level 2. HP: 8/19 MP: 0/5
   162 | D:1      | Reached skill level 3 in Ice Magic
  1059 | D:1      | Gained mutation: You are partially covered in sharp spines. [demonic ancestry]
  1059 | D:1      | Reached XP level 3. HP: 24/24 MP: 3/6
  1389 | D:2      | Noticed Terence
  1441 | D:2      | Gained mutation: You are mostly covered in rugged brown scales. (AC +2, +5% HP) [potion of mutation]
  1441 | D:2      | Gained mutation: You have sharp fingernails. [potion of mutation]
  1441 | D:2      | Gained mutation: You are frail. (-10% HP) [potion of mutation]
  1441 | D:2      | Gained mutation: You are resistant to hostile enchantments. (MR+) [potion of mutation]
  1547 | D:2      | Reached XP level 4. HP: 28/28 MP: 5/8
  1738 | D:2      | Reached skill level 4 in Ice Magic
  1893 | D:2      | Killed Terence
  2270 | D:3      | Learned a level 2 spell: Throw Frost
  2274 | D:3      | Learned a level 3 spell: Ozocubu's Armour
  2276 | D:3      | Found a faded altar of an unknown god.
  2416 | D:3      | Gained mutation: You are mostly covered in sharp spines. [demonic ancestry]
  2416 | D:3      | Reached XP level 5. HP: 33/33 MP: 7/10
  2733 | D:3      | Noticed markt42's ghost (amateur GrFi)
  2791 | D:3      | Noticed Natasha
  2798 | D:3      | Killed Natasha
  3067 | D:4      | Noticed an ogre
  3081 | D:4      | Reached skill level 5 in Ice Magic
  3213 | D:4      | Gained mutation: You are slightly more attuned to the shadows. [demonic ancestry]
  3213 | D:4      | Reached XP level 6. HP: 37/38 MP: 6/11
  3329 | D:4      | Found Ruky's Antique Weapon Boutique.
  3419 | D:4      | Got a tattered robe
  3434 | D:4      | Identified the +1 robe "Pytuz" {Regen+} (You found it on level 4 of the Dungeon)
  3620 | D:5      | Entered Level 5 of the Dungeon
  3656 | D:5      | Reached skill level 6 in Ice Magic
  3656 | D:5      | Found Pecworeh's Armour Boutique.
  3657 | D:5      | Noticed an orc warrior
  3769 | D:5      | Reached XP level 7. HP: 36/43 MP: 4/13
  3848 | D:5      | Found a staircase to the Ecumenical Temple.
  4058 | Temple   | Entered the Ecumenical Temple
  4257 | Temple   | Became a worshipper of Vehumet
  4915 | D:5      | Reached skill level 5 in Spellcasting
  5116 | D:6      | Noticed Grinder
  5189 | D:6      | Reached skill level 7 in Ice Magic
  5307 | D:6      | Found a sand-covered staircase.
  5332 | Ossuary  | Entered an ossuary
  5406 | Ossuary  | Learned a level 4 spell: Throw Icicle
  5436 | Ossuary  | Gained mutation: You are significantly more attuned to the shadows. [demonic ancestry]
  5436 | Ossuary  | Reached XP level 8. HP: 44/49 MP: 13/16
  5438 | Ossuary  | Reached * piety under Vehumet
  5438 | Ossuary  | Offered knowledge of Magic Dart by Vehumet.
  5919 | D:6      | Reached skill level 8 in Ice Magic
  5963 | D:5      | Killed Grinder
  6802 | D:7      | Reached skill level 9 in Ice Magic
  6811 | D:7      | Offered knowledge of Sting by Vehumet.
  6838 | D:7      | Reached ** piety under Vehumet
  6940 | D:7      | Learned a level 4 spell: Summon Ice Beast
  6942 | D:7      | Learned a level 1 spell: Sting
  7158 | D:7      | Gained mutation: You are completely covered in sharp spines. [demonic ancestry]
  7158 | D:7      | Reached XP level 9. HP: 51/54 MP: 13/18
  7477 | D:8      | Identified the Collected Works on the Assistive Mountains
  7595 | D:8      | Reached skill level 10 in Ice Magic
  8137 | D:9      | Noticed a two-headed ogre
  8146 | D:9      | HP: 2/54 [two-headed ogre/giant club (14)]
  8147 | D:9      | Mangled by a two-headed ogre

Skill      XL: |  1  2  3  4  5  6  7  8  9 |
---------------+----------------------------+-----
Ice Magic      | 3 4 5 6 7 9 10 | 10.4
Spellcasting   | 3 4 5 6 7 |  7.5
Dodging        | |  1.7
Stealth        | |  1.7
Conjurations   | |  1.0

Action                   |  1- 3 |  4- 6 |  7- 9 || total
-------------------------+-------+-------+-------++-------
Melee: Unarmed           |    25 |    15 |   117 ||   157
 Cast: Freeze            |    52 |    90 |   118 ||   260
       Throw Frost       |       |    15 |    40 ||    55
       Ozocubu's Armour  |       |     2 |    14 ||    16
       Throw Icicle      |       |       |     5 ||     5
  Use: Scroll            |     5 |     7 |     6 ||    18
       Potion            |     1 |       |     2 ||     3
 Stab: Sleeping          |     2 |       |     2 ||     4
  Eat: Chunk             |     2 |     6 |    10 ||    18
       Meat ration       |       |       |     1 ||     1
       Royal jelly       |       |       |     1 ||     1
Armor: Robe              |    10 |     9 |   106 ||   125
Dodge: Dodged            |    42 |    49 |   152 ||   243
